 Dungeon Sprint DCSS version 0.26.1-11-gd32895ea62 (webtiles) character file.

Game seed: 17127391971150240984

3200000 xSliceyx the Conqueror (level 22, -16/275 HPs)
             Began as an Ogre Berserker on July 13, 2021.
             Demolished by a meat berserker
             ... wielding a +9 battleaxe
              (51 damage)
             ... in the Dungeon (Sprint VIII: "Arena of Blood").
             The game lasted 00:05:18 (32 turns).

xSliceyx the Conqueror (Ogre Berserker)               Turns: 32, Time: 00:05:19

Health: -16/275    AC:  5    Str: 34    XL:     22   Next: 53%
Magic:  21/37      EV: 21    Int:  8    God:
Gold:   0          SH:  0    Dex:  8    Spells: 44/44 levels left

rFire    . . .     SeeInvis .   i - +∞ Axe of Woe
rCold    . . .     Faith    .   (shield currently unavailable)
rNeg     . . .     Spirit   .   b - +0 animal skin
rPois    .         Reflect  .   (helmet restricted)
rElec    .         Harm     .   (no cloak)
rCorr    .         Rampage  .   (gloves unavailable)
Will     ++...     NoTele   +   (boots unavailable)
Stlth    +++++++++.             (no amulet)
HPRegen  0.55/turn              j - +30 ring of slaying
MPRegen  0.25/turn              k - +30 ring of slaying

@: no status effects
A: large, unfitting armour, tough skin 1
a: no special abilities


You were in the Dungeon.
You visited 1 branch

Inventory:

Hand Weapons
 a - a +0 hand axe
 i - the +∞ Axe of Woe (weapon)
   (You found it in the Dungeon)
Armour
 b - a +0 animal skin (worn)
Jewellery
 j - a +30 ring of slaying (left hand)
 k - a +30 ring of slaying (right hand)
Scrolls
 h - a scroll of blinking
Potions
 c - a potion of curing
 d - a potion of heal wounds
 e - a potion of haste
 f - 2 potions of magic
 g - a potion of berserk rage


   Skills:
 O Level 27 Fighting
 + Level 9.9(11.5) Short Blades
 + Level 9.9(11.5) Long Blades
 O Level 27 Axes
 + Level 9.9(19.9) Maces & Flails
 + Level 10.7(21.3) Polearms
 + Level 10.7(13.9) Staves
 + Level 8.3(9.8) Slings
 + Level 8.3 Bows
 + Level 8.3 Crossbows
 + Level 10.7(12.4) Throwing
 O Level 27 Armour
 O Level 27 Dodging
 O Level 27 Stealth
 + Level 9.9 Shields
 + Level 9.9 Unarmed Combat
 + Level 11.6 Spellcasting
 + Level 9.9 Conjurations
 + Level 9.9 Hexes
 + Level 9.9 Summonings
 + Level 9.9 Necromancy
 + Level 9.9 Translocations
 + Level 9.9 Transmutations
 + Level 9.9 Fire Magic
 + Level 9.9 Ice Magic
 + Level 9.9 Air Magic
 + Level 9.9 Earth Magic
 + Level 9.9 Poison Magic
 + Level 11.6 Invocations
 + Level 9.1 Evocations


You had 44 spell levels left.
You didn't know any spells.
Your spell library was empty.

Dungeon Overview and Level Annotations

Branches:
Dungeon (1/1)

Altars:
Makhleb


Innate Abilities, Weirdness & Mutations

You are too large for most types of armour.
You have tough skin. (AC +1)


Message History

Your Earth Magic skill increases to level 9!
Your Poison Magic skill increases to level 9!
Your Invocations skill increases to level 11!
Your Evocations skill gained 2 levels and is now at level 9!
Unknown command.
The bag of meat shouts!
You slice the large bag of meat!!
Flame seeps out of the large bag of meat.
You dissect the large bag of meat like a pig carcass.
The large bag of meat explodes!
The fiery explosion engulfs you!!!
* * * LOW HITPOINT WARNING * * *
You are engulfed in blazing flames.
* * * LOW HITPOINT WARNING * * *
You hear a shout! x4
A bag of meat comes into view. It is wielding a +9 war axe.
You hear a shout! x5
The meat berserker is engulfed in blazing flames.
The meat berserker hits you with a +9 battleaxe!!!
You die...

O........
#.......# ..
#.... ..# .
...###... ..###.O
........###o.....
#.......)_OO.....
......#§°○oo#..
..... #§§○o_#
......#@§).)#...
#.....O§§_§§§....
......§)###......
...###§§. ..###..
.o #.... ..# .
#.......#
.........
......o....
..........


You could see a large bag of meat (inner flame), 2 meat berserkers and 6 bags of
meat.

Vanquished Creatures
  6 ogres (D)
  4 two-headed ogres (D)
  17 orcs (D)
27 creatures vanquished.

Notes
Turn   | Place    | Note
-------+----------+-------------------------------------------
     0 | D        | Found the +∞ Axe of Woe
     0 | D        | xSliceyx the Ogre Berserker began the quest for the Orb.
     0 | D        | Reached XP level 1. HP: 24/24 MP: 1/1
     0 | D        | Noticed a meat berserker
     2 | D        | Noticed a meat berserker
     3 | D        | Killed a meat berserker
     4 | D        | Reached XP level 2. HP: 74/74 MP: 2/2
     4 | D        | Reached XP level 3. HP: 83/83 MP: 3/3
     4 | D        | Reached XP level 4. HP: 92/92 MP: 4/4
     4 | D        | Reached XP level 5. HP: 101/101 MP: 5/5
     4 | D        | Reached XP level 6. HP: 111/111 MP: 6/6
     4 | D        | Reached XP level 7. HP: 119/119 MP: 7/7
     4 | D        | Reached XP level 8. HP: 130/130 MP: 8/8
     4 | D        | Reached XP level 9. HP: 139/139 MP: 9/9
     4 | D        | Reached XP level 10. HP: 148/148 MP: 10/10
     4 | D        | Reached XP level 11. HP: 157/157 MP: 11/11
     4 | D        | Reached XP level 12. HP: 167/167 MP: 12/12
     4 | D        | Reached XP level 13. HP: 175/175 MP: 13/13
     6 | D        | Killed a meat berserker
     6 | D        | Reached ** piety under Trog
     6 | D        | Noticed a bag of meat
     7 | D        | Reached skill level 27 in Fighting
     7 | D        | Reached XP level 14. HP: 198/198 MP: 14/14
     7 | D        | Noticed a bag of meat
     8 | D        | Noticed a bag of meat
     8 | D        | Noticed a bag of meat
     8 | D        | Noticed a bag of meat
     8 | D        | Noticed a bag of meat
    10 | D        | Noticed a meat berserker
    10 | D        | Noticed a bag of meat
    10 | D        | Noticed a bag of meat
    10 | D        | Noticed a bag of meat
    11 | D        | Noticed a bag of meat
    12 | D        | Killed a bag of meat
    12 | D        | Killed a bag of meat
    13 | D        | Reached XP level 15. HP: 206/206 MP: 15/15
    14 | D        | Reached skill level 27 in Dodging
    14 | D        | Reached XP level 16. HP: 217/217 MP: 16/16
    14 | D        | Reached *** piety under Trog
    15 | D        | Reached **** piety under Trog
    16 | D        | Reached XP level 17. HP: 226/226 MP: 17/17
    16 | D        | Killed a meat berserker
    16 | D        | Noticed a meat berserker
    17 | D        | Reached XP level 18. HP: 236/236 MP: 18/18
    21 | D        | Killed a meat berserker
    22 | D        | Reached XP level 19. HP: 214/245 MP: 19/19
    22 | D        | Noticed a large bag of meat
    22 | D        | Noticed a large bag of meat
    22 | D        | Noticed a meat berserker
    22 | D        | Killed a large bag of meat
    22 | D        | Reached ***** piety under Trog
    22 | D        | Received a gift from Trog
    22 | D        | Noticed a meat berserker
    23 | D        | Reached skill level 27 in Armour
    23 | D        | Reached skill level 27 in Stealth
    23 | D        | Noticed a large bag of meat
    25 | D        | Reached skill level 27 in Axes
    25 | D        | Reached XP level 20. HP: 181/256 MP: 20/20
    25 | D        | Killed a large bag of meat
    25 | D        | Noticed a large bag of meat
    26 | D        | Fell from the grace of Trog
    26 | D        | Reached skill level 5 in Slings
    26 | D        | Reached skill level 5 in Bows
    26 | D        | Reached skill level 5 in Crossbows
    26 | D        | Reached skill level 5 in Evocations
    26 | D        | Reached XP level 21. HP: 142/265 MP: 20/31
    27 | D        | Noticed a meat berserker
    27 | D        | Noticed a large bag of meat
    28 | D        | Killed a large bag of meat
    28 | D        | Killed a meat berserker
    28 | D        | Noticed a meat berserker
    31 | D        | Reached skill level 10 in Spellcasting
    31 | D        | Reached skill level 10 in Invocations
    31 | D        | Reached XP level 22. HP: 91/275 MP: 21/36
    32 | D        | Reached skill level 10 in Polearms
    32 | D        | Reached skill level 10 in Staves
    32 | D        | Reached skill level 10 in Throwing
    32 | D        | Killed a large bag of meat
    32 | D        | Demolished by a meat berserker

Illustrated notes

Levels and vault maps discovered:
D:        meatsprint

Skill      XL: |  1  2  3  4  5  6  7  8  9 10 11 12 13 14 15 16 17 18 19 20 21 22 |
---------------+-------------------------------------------------------------------+-----
Fighting       | 23 27 | 27.0
Axes           | 18 27 | 27.0
Dodging        | 17 22 26 27 | 27.0
Armour         | 12 19 23 26 27 | 27.0
Stealth        | 16 21 24 27 | 27.0
Short Blades   | 6 8 9 |  9.9
Long Blades    | 6 8 9 |  9.9
Maces & Flails | 6 8 9 |  9.9
Polearms       | 6 9 10 | 10.7
Staves         | 6 9 10 | 10.7
Slings         | 5 7 8 |  8.3
Bows           | 5 7 8 |  8.3
Crossbows      | 5 7 8 |  8.3
Throwing       | 6 9 10 | 10.7
Shields        | 6 8 9 |  9.9
Unarmed Combat | 6 8 9 |  9.9
Spellcasting   | 7 10 11 | 11.6
Conjurations   | 6 8 9 |  9.9
Hexes          | 6 8 9 |  9.9
Summonings     | 6 8 9 |  9.9
Necromancy     | 6 8 9 |  9.9
Translocations | 6 8 9 |  9.9
Transmutations | 6 8 9 |  9.9
Fire Magic     | 6 8 9 |  9.9
Ice Magic      | 6 8 9 |  9.9
Air Magic      | 6 8 9 |  9.9
Earth Magic    | 6 8 9 |  9.9
Poison Magic   | 6 8 9 |  9.9
Invocations    | 7 10 11 | 11.6
Evocations     | 5 7 9 |  9.1

Action                   |  1- 3 |  4- 6 |  7- 9 | 10-12 | 13-15 | 16-18 | 19-21 | 22-24 || total
-------------------------+-------+-------+-------+-------+-------+-------+-------+-------++-------
Melee: Executioner's axe |     1 |       |       |       |     3 |     4 |     5 |     2 ||    15
 Stab: Distracted        |       |       |       |       |       |       |     1 |       ||     1
Dodge: Dodged            |       |       |       |       |       |     1 |     1 |       ||     2
